cohdb
Replays
Latest Replays
All Replays
Popular Replays
Top Player Replays
Match Explorer
How It Works
Community
CoH3 Stats
Reddit
Sign in to upload your games and track your stats! →
Sign in with Steam
Match 43691277
Unlisted
Match 43691277
Overview
Messages
Build Orders
End
Construct Section Command Post
Dingo Light Scout Car
Infantry Section
Infantry Section
Royal Engineer Section
Construct Platoon Command Post
Humber Armored Car
Infantry Section
Grenade Package
Vickers Machine Gun Team
Infantry Section
6-pounder Anti-tank Gun Team
Selects Heavy Armor Battlegroup
Selects Rigorous Vehicle Training
Selects Light Vehicle Withdraw and Refit
Selects Forward Repair Assembly
Selects UNKNOWN (202330)
Selects UNKNOWN (2162094)
Construct Company Command Post
Crusader II Medium Tank
Infantry Section
Selects Designate Targets
Royal Engineer Section
Crusader II Medium Tank
Royal Engineer Section
Crusader II Medium Tank
Designate Targets
Crusader II Medium Tank
Crusader II Medium Tank
Adamir@Magnum.CZ
noony2351
Farlion
Monsieur Nathan
0
0
Comments
sign in to comment!
No comments posted yet!